 Dungeon Crawl Stone Soup version 0.15-a0-1619-g29500c9 (webtiles) character file.

6265 Ololoev the Spear-Bearer (level 10, 0/67 HPs)
             Began as a Demonspawn Death Knight on June 20, 2014.
             Was a Priest of Yredelemnul.
             Slain by a hill giant zombie (11 damage)
             ... on Level 9 of the Dungeon.
             The game lasted 00:47:34 (7610 turns).

Ololoev the Spear-Bearer (Demonspawn Death Knight)  Turns: 7610, Time: 00:47:34

HP   0/67        AC 15     Str 16      XL: 10   Next: 62%
MP  18/18        EV 16     Int 12      God: Yredelemnul [***...]
Gold 496         SH  0     Dex 14      Spells:  1 memorised,  8 levels left

rFire  . . .     SeeInvis .     I - +0 scythe (venom)
rCold  . . .     Clarity  .     J - +2 robe {MR+}
rNeg   . . .     rCorr    .     (no shield)
rPois  +         rRot     .     y - +1 helmet
rElec  .         Spirit   .     x - +0 cloak
SustAb .         Warding  .     b - +0 pair of gloves
rMut   .         Stasis   .     M - +0 pair of boots
Gourm  .                        (no amulet)
MR     +....                    w - ring of poison resistance
                                L - ring of stealth

@: somewhat resistant to hostile enchantments, stealthy
A: talons 1, iridescent scales 2, demonic guardian 1, nightstalker 2
a: Animate Dead, Recall Undead Slaves, Injury Mirror, Renounce Religion


You were on level 9 of the Dungeon.
You worshipped Yredelemnul.
Yredelemnul was most pleased with you.
You were hungry.

You visited 2 branches of the dungeon, and saw 10 of its levels.

You collected 496 gold pieces.

Inventory:

Hand weapons
 i - a +3 trident
 I - a +0 scythe of venom (weapon)
Missiles
 A - 4 tomahawks (quivered)
 F - 5 poisoned tomahawks
Armour
 b - a +0 pair of gloves (worn)
 x - a +0 cloak (worn)
 y - a +1 helmet (worn)
 J - a +2 robe of magic resistance (worn)
 K - a +0 plate armour
 M - a +0 pair of boots (worn)
Magical devices
 v - a wand of fire (5)
Comestibles
 c - 4 bread rations
 n - a meat ration
 z - 11 royal jellies
 B - a beef jerky
 H - 5 fruits
Scrolls
 d - 3 scrolls of remove curse
 e - 2 scrolls of enchant weapon
 g - 2 scrolls of amnesia
 j - a scroll of magic mapping
 m - a scroll of immolation
 r - 4 scrolls of teleportation
 t - a scroll of blinking
 G - a scroll of enchant armour
Jewellery
 p - an uncursed ring of regeneration
 w - a ring of poison resistance (right hand)
 L - a ring of stealth (left hand)
Potions
 a - a potion of mutation {unknown}
 f - 7 potions of curing {unknown}
 h - a potion of brilliance {unknown}
 o - a potion of heal wounds {unknown}
 q - 2 potions of haste {unknown}
 s - 2 potions of degeneration {unknown}
 u - 2 potions of agility {unknown}
 C - 2 potions of confusion {unknown}
 D - 2 potions of restore abilities {unknown}
 E - 2 potions of invisibility {unknown}
Books
 l - a book of Beasts

   Spells                             Type                      Level
   *Summon Butterflies                Summoning                    1
   Call Canine Familiar               Summoning                    3
   Summon Ice Beast                   Ice/Summoning                4
   Summon Mana Viper                  Hexes/Summoning              5
   Monstrous Menagerie                Summoning                    6
   Summon Hydra                       Summoning                    7


   Skills:
 - Level 2.0 Fighting
 + Level 10.9 Polearms
 - Level 2.1 Armour
 + Level 7.5 Dodging
 - Level 4.2 Summonings
 - Level 5.0 Invocations
 - Level 5.1 Evocations


You had 8 spell levels left.
You knew the following spells:

 Your Spells              Type           Power        Failure   Level  Hunger
a - Summon Butterflies    Summ           ##......     8%          1    ##.....


Dungeon Overview and Level Annotations

Branches:
Dungeon (9/15)             Temple (1/1) D:7
    Orc: D:9-12        Lair: D:8-11

Altars:
Ashenzari
Cheibriados
Dithmenos
Elyvilon
Fedhas
Gozag
Kikubaaqudgha
Makhleb
Nemelex Xobeh
Okawaru
Qazlal
Sif Muna
Vehumet
Xom
Yredelemnul
The Shining One

Shops:
D:8 (


Innate Abilities, Weirdness & Mutations

You have sharp toenails.
You are mostly covered in iridescent scales (AC +6).
A weak demonic guardian rushes to your aid.
You are significantly more attuned to the shadows.


Message History

Aim: a hill giant zombie The bolt of fire hits the hill giant zombie.
The bolt of fire hits the warg.
You kill the warg!
Yredelemnul accepts your kill.
This wand has 5 charges left.
The hill giant zombie hits you.
* * * LOW HITPOINT WARNING * * *
You are too injured to fight recklessly!
You are too injured to fight recklessly!
You are too injured to fight recklessly!
You hit the hill giant zombie.
The hill giant zombie hits you but does no damage.
You hit the hill giant zombie.
The hill giant zombie barely misses you.
You hit the hill giant zombie but do no damage.
The hill giant zombie hits you!
* * * LOW HITPOINT WARNING * * *
The hill giant zombie hits you!
You die...
Your body rises from the dead as a mindless zombie.

##### ##### #...# #...#
#####...###########...#
......................>
######.############...#
#@# #...# #Z# #....
###.# #.#.# #...#####.
#.#.# #..!...... #.#.#
....^.)...... #.#.#
.##..)........ #....
#............#####.#
..#..........#.....#


You could see a hill giant zombie.

Vanquished Creatures
  An ogre mage (D:8)
  A centaur warrior (D:8)
  A red wasp (D:8)
  A troll (D:8)
  A hungry ghost (D:9)
  4 wargs (D:9)
  Menkaure (D:4)
  A water moccasin (D:5)
  A sky beast (D:8)
  4 ogres
  5 orc warriors
  2 necrophages
  2 giant frogs (D:8)
  Sigmund (D:6)
  5 centaurs
  A big kobold (D:7)
  A gnoll sergeant (D:8)
  5 scorpions
  A yak skeleton (D:7)
  3 killer bees (D:9)
  2 crimson imps
  3 orc priests
  A two-headed ogre zombie (D:8)
  6 hounds
  2 jellies (D:8)
  An orc wizard (D:5)
  2 iguanas (D:4)
  Natasha (thrice) (D:4)
  A quasit (D:3)
  4 worker ants
  The ghost of JOKER the Ruffian, a weakling MiMo (D:3)
  A sky beast zombie (D:8)
  A hound skeleton (D:6)
  3 adders
  11 gnolls
  4 shadow imps
  A giant mite (D:7)
  An adder skeleton (D:4)
  An iguana skeleton (D:5)
  21 orcs
  2 ball pythons
  11 bats
  7 giant cockroaches
  2 gnoll zombies (D:8)
  16 hobgoblins
  3 jackals (D:2)
  13 kobolds
  2 oozes (D:8)
  4 quokkas
  4 giant geckos
  A giant gecko skeleton (D:6)
  A giant gecko zombie (D:6)
  4 giant newts
  A giant spore (D:8)
  9 goblins
  A hobgoblin skeleton (D:5)
  An orc skeleton (D:7)
  13 rats
  2 ballistomycetes (D:8)
209 creatures vanquished.

Vanquished Creatures (collateral kills)
  A deep elf priest (D:7)
  Prince Ribbit (D:7)
  A water moccasin (D:8)
  2 ogres
  A phantom (D:8)
  A giant frog (D:9)
  A killer bee (D:9)
  An orc priest (D:7)
  3 jellies
  An orc wizard (D:8)
  A gnoll (D:8)
  A shadow imp (D:8)
  3 oozes (D:8)
  2 orcs (D:7)
  2 hobgoblins
  A kobold (D:9)
  A quokka (D:7)
  2 kobold zombies (D:8)
26 creatures vanquished.

Vanquished Creatures (others)
  A troll zombie (D:8)
  A wight (D:8)
  5 crimson imps
  5 iron imps
  5 quasits
  3 killer bee zombies (D:9)
  An ogre zombie (D:5)
  A mummy (D:8)
  An orc skeleton (D:8)
  6 white imps
  5 ufetubi
  An orc zombie (D:8)
  2 gnoll zombies (D:8)
  A giant spore (D:8)
38 creatures vanquished.

Grand Total: 273 creatures vanquished

Notes
Turn   | Place    | Note
--------------------------------------------------------------
     0 | D:1      | Ololoev, the Demonspawn Death Knight, began the quest for the Orb.
     0 | D:1      | Reached XP level 1. HP: 16/16 MP: 2/2
   305 | D:1      | Gained mutation: You are partially covered in iridescent scales (AC +4). [demonic ancestry]
   305 | D:1      | Reached XP level 2. HP: 11/22 MP: 4/4
   472 | D:1      | Reached skill level 4 in Invocations
  1196 | D:2      | Gained mutation: You are mostly covered in iridescent scales (AC +6). [demonic ancestry]
  1196 | D:2      | Reached XP level 3. HP: 27/27 MP: 6/6
  1243 | D:2      | Acquired Yredelemnul's second power
  1550 | D:3      | Found a shattered altar of Ashenzari.
  1817 | D:3      | Reached skill level 5 in Invocations
  1817 | D:3      | Reached XP level 4. HP: 28/33 MP: 8/8
  1826 | D:3      | Noticed JOKER's ghost (weakling MiMo)
  1837 | D:3      | Killed JOKER's ghost
  2156 | D:4      | Reached skill level 1 in Evocations
  2199 | D:4      | Noticed an ogre
  2212 | D:4      | Killed an ogre
  2212 | D:4      | Gained mutation: You are slightly more attuned to the shadows. [demonic ancestry]
  2212 | D:4      | Reached XP level 5. HP: 31/38 MP: 9/9
  2430 | D:4      | Noticed Natasha
  2440 | D:4      | Killed Natasha
  2440 | D:4      | Gained mutation: You have sharp toenails. [demonic ancestry]
  2440 | D:4      | Reached XP level 6. HP: 32/44 MP: 11/11
  2662 | D:4      | Noticed Natasha
  2667 | D:4      | Killed Natasha
  2774 | D:4      | Noticed Menkaure
  2775 | D:4      | Killed Menkaure
  2846 | D:4      | Reached skill level 5 in Polearms
  2886 | D:4      | Noticed Natasha
  2888 | D:4      | Killed Natasha
  2926 | D:4      | Noticed an ogre
  2933 | D:4      | Killed an ogre
  2933 | D:4      | Reached XP level 7. HP: 46/50 MP: 13/13
  2974 | D:5      | Entered Level 5 of the Dungeon
  3096 | D:5      | Learned a level 1 spell: Summon Butterflies
  3241 | D:5      | Reached skill level 1 in Summonings
  3241 | D:5      | Reached skill level 5 in Evocations
  3361 | D:5      | Reached skill level 6 in Polearms
  3408 | D:5      | Gained mutation: A weak demonic guardian rushes to your aid. [demonic ancestry]
  3408 | D:5      | Reached XP level 8. HP: 51/56 MP: 15/15
  3945 | D:6      | Found a burning altar of Makhleb.
  4071 | D:6      | Found a radiant altar of Vehumet.
  4081 | D:6      | Reached skill level 7 in Polearms
  4137 | D:6      | Found an opulent altar of Gozag.
  4187 | D:6      | Noticed Sigmund
  4198 | D:6      | Killed Sigmund
  4332 | D:6      | Found a deep blue altar of Sif Muna.
  4584 | D:7      | Reached skill level 8 in Polearms
  4594 | D:7      | Reached skill level 1 in Dodging
  4613 | D:7      | Reached skill level 1 in Armour
  4664 | D:7      | Acquired Yredelemnul's third power
  4836 | D:7      | Reached XP level 9. HP: 61/61 MP: 16/16
  4920 | D:7      | Found a white marble altar of Elyvilon.
  4920 | D:7      | Noticed Prince Ribbit
  4926 | D:7      | Killed Prince Ribbit
  5129 | D:7      | Received a gift from Yredelemnul
  5165 | D:7      | Found a staircase to the Ecumenical Temple.
  5172 | Temple   | Entered the Ecumenical Temple
  5297 | D:7      | Found a blossoming altar of Fedhas.
  5297 | D:7      | Noticed a deep elf priest
  5304 | D:7      | Killed a deep elf priest
  5378 | D:7      | Found a blossoming altar of Fedhas.
  5692 | D:7      | Reached skill level 9 in Polearms
  5861 | D:7      | Found a shimmering altar of Xom.
  5864 | D:7      | Found an ancient bone altar of Kikubaaqudgha.
  5864 | D:7      | Found a shadowy altar of Dithmenos.
  6117 | D:8      | Reached skill level 5 in Dodging
  6137 | D:8      | Found Shytu's Weapon Boutique.
  6239 | D:8      | Noticed an ogre mage
  6250 | D:8      | Noticed a red wasp
  6250 | D:8      | Killed an ogre mage
  6250 | D:8      | Gained mutation: You are significantly more attuned to the shadows. [demonic ancestry]
  6250 | D:8      | Reached XP level 10. HP: 67/67 MP: 18/18
  6263 | D:8      | Killed a red wasp
  6263 | D:8      | Reached skill level 10 in Polearms
  6325 | D:8      | Found a blossoming altar of Fedhas.
  6326 | D:8      | Found a white marble altar of Elyvilon.
  6333 | D:8      | Noticed a centaur warrior
  6397 | D:8      | Killed a centaur warrior
  6502 | D:8      | Received a gift from Yredelemnul
  7610 | D:9      | Slain by a hill giant zombie

Action                   |  1- 3 |  4- 6 |  7- 9 | 10-12 || total
-------------------------+-------+-------+-------+-------++-------
Melee: Spear             |   130 |       |       |       ||   130
       Trident           |    11 |   138 |   166 |       ||   315
       Scythe            |       |       |   158 |   185 ||   343
Throw: Tomahawk          |       |     2 |     2 |       ||     4
 Cast: Summon Butterflie |       |       |     1 |     1 ||     2
Invok: Animate Remains   |       |       |     2 |       ||     2
       Animate Dead      |       |       |     1 |     3 ||     4
Evoke: Wand              |     1 |     5 |     2 |     4 ||    12
  Use: Scroll            |     1 |       |     9 |     3 ||    13
 Stab: Sleeping          |     1 |     1 |     8 |     4 ||    14
       Distracted        |       |     1 |       |     1 ||     2
